 Dungeon Crawl Stone Soup version 0.17.0-24-gcfadda4 (console) character file.

1068 gw the Chopper (level 8, -3/62 HPs)
             Began as a Human Abyssal Knight on Nov 18, 2015.
             Was a Priest of Lugonu.
             Slain by a crocodile (11 damage)
             ... on level 5 of the Dungeon.
             The game lasted 00:05:57 (5313 turns).

gw the Chopper (Human Abyssal Knight)               Turns: 5313, Time: 00:05:58

Health: -3/62      AC: 11    Str: 18    XL:     8   Next: 53%
Magic:  11/11      EV:  7    Int: 14    God:    Lugonu [***...]
Gold:   274        SH:  0    Dex: 15    Spells: 0 memorised, 7 levels left

rFire  . . .     SeeInvis .     a - +2 hand axe
rCold  . . .     Clarity  .     o - +1 chain mail of Gaihy {rPois Int+2}
rNeg   . . .     SustAt   .     (no shield)
rPois  +         Gourm    .     q - +0 helmet
rElec  .         Spirit   .     (no cloak)
rCorr  +         Warding  .     (no gloves)
rMut   .         Stasis   .     (no boots)
MR     .....                    d - amulet of resist corrosion
Stlth  ..........               (no ring)
                                p - +5 ring of strength

@: not resistant to hostile enchantments, extremely unstealthy
A: no striking features
a: Depart the Abyss, Bend Space, Banish, Renounce Religion


You were on level 5 of the Dungeon.
You worshipped Lugonu.
Lugonu was most pleased with you.
You were not hungry.

You visited 1 branch of the dungeon, and saw 5 of its levels.
You visited the Abyss 1 time.

You collected 274 gold pieces.

Inventory:

Hand Weapons
 a - a +2 hand axe (weapon)
 b - a +0 shortbow
Missiles
 e - 167 stones (quivered)
 f - 80 arrows
Armour
 o - the +1 chain mail of Gaihy (worn) {rPois Int+2}
   (You found it on level 4 of the Dungeon)

   It affects your intelligence (+2).
   It protects you from poison.
 q - a +0 helmet (worn)
Jewellery
 d - an amulet of resist corrosion (around neck)
 p - a +5 ring of strength (left hand)
Wands
 j - a wand of digging (14)
Scrolls
 g - 4 scrolls of identify
 h - a scroll of remove curse
 n - a scroll of fog {unknown}
 t - a scroll of blinking
Potions
 m - 3 potions of curing
 r - a potion of berserk rage
 s - a potion of flight {unknown}
Comestibles
 c - 5 bread rations
 i - 3 meat rations
 k - a beef jerky
 l - 3 fruits


   Skills:
 + Level 5.0 Fighting
 * Level 6.2 Axes
 + Level 1.8 Bows
 + Level 4.4 Armour
 - Level 1.0 Dodging
 + Level 4.7 Invocations


You had 7 spell levels left.
You didn't know any spells.

Dungeon Overview and Level Annotations

Branches:
Dungeon (5/15)             Temple (0/1) D:4

Altars:
Ashenzari
Dithmenos
Elyvilon
Okawaru
Qazlal
Trog
Vehumet
Zin


Message History

You hit the crocodile but do no damage.
The crocodile is almost dead.
The crocodile bites you.
ATTACKING (1,0)
You hit the crocodile.
The crocodile is almost dead.
The crocodile bites you but does no damage.
ATTACKING (1,0)
Your chain mail of Gaihy prevents you from hitting the crocodile.
The crocodile is almost dead.
The crocodile bites you!
ATTACKING (1,0)
You hit the crocodile but do no damage.
The crocodile is almost dead.
The crocodile closely misses you.
ATTACKING (1,0)
Your chain mail of Gaihy prevents you from hitting the crocodile.
The crocodile is almost dead.
The crocodile bites you!
You die...

########......# ###...........
#......# #..........###
######'### #....((........
#####......# #...(.####.###.
#..........# #.....####.# #.
#..........###..[.....>.# #.
#.#####..[.##......J....# #.
.#'#.......###.#.........# #.
.#_#....+#..ptJ#.........####
.###.....#.###....##......##.
........#...###............#..
..............##...........)#..
###.....#......##............'..
#######......##...........##..
#......##...............
#......##...............
#......###........#.....


You could see a crocodile and a jelly.

Table legend:
 A = Turns spent in this place as a percentage of turns spent in the entire game.
 B = Non-inter-level travel turns spent in this place as a percentage of non-inter-level travel turns spent in the entire game.
 C = Inter-level travel turns spent in this place as a percentage of turns spent in this place.
 D = Turns resting spent in this place as a percentage of non-inter-level travel turns spent in this place.
 E = Turns spent auto-exploring this place as a percentage of non-inter-level travel turns spent in this place.
 F = Non-inter-level travel turns spent in this place divided by the number of levels of this place that you've seen.
                   A       B       C       D       E      F
               +-------+-------+-------+-------+-------+----------------------
         Total | 100.0 | 100.0 |   0.4 |   1.4 |   2.5 | 1146.5
       Dungeon |  99.5 |  99.5 |   0.4 |   1.4 |   2.5 | 1369.2
         Abyss |   0.5 |   0.5 |   0.0 |   0.0 |   3.0 |  33.0
               +-------+-------+-------+-------+-------+----------------------

Table legend:
 A = Kills in this place as a percentage of kills in entire the game.
 B = Kills by you in this place as a percentage of kills by you in the entire game.
 C = Kills by friends in this place as a percentage of kills by friends in the entire game.
 D = Other kills in this place as a percentage of other kills in the entire game.
 E = Experience gained in this place as a percentage of experience gained in the entire game.
 F = Experience gained in this place divided by the number of levels of this place that you have seen.
                   A       B       C       D       E      F
               +-------+-------+-------+-------+-------+----------------------
         Total | 100.0 | 100.0 |  -nan |  -nan | 100.0 | 254.3
       Dungeon | 100.0 | 100.0 |  -nan |  -nan | 100.0 | 305.2
               +-------+-------+-------+-------+-------+----------------------

Vanquished Creatures
  Sigmund (D:4)
  Duvessa (D:5)
  A phantom (D:5)
  2 centaurs (D:5)
  Dowan (D:5)
  2 crimson imps (D:5)
  A giant frog skeleton (D:5)
  5 worker ants
  2 hounds
  An orc priest (D:3)
  An iguana (D:4)
  An orc wizard (D:5)
  8 adders
  An adder zombie (D:5)
  An ooze (D:2)
  3 worms (D:2)
  7 orcs
  6 goblins
  5 hobgoblins
  A quokka (D:5)
  5 bats
  2 giant cockroaches
  2 giant geckos
  2 giant gecko skeletons (D:4)
  5 giant newts
  5 jackals
  8 kobolds
  9 rats
89 creatures vanquished.

Notes
Turn   | Place    | Note
--------------------------------------------------------------
     0 | Abyss:1  | gw the Human Abyssal Knight began the quest for the Orb.
     0 | Abyss:1  | Reached XP level 1. HP: 18/18 MP: 2/2
     8 | D:1      | Escaped the Abyss
   326 | D:1      | Reached XP level 2. HP: 24/24 MP: 3/3
   566 | D:1      | Reached ** piety under Lugonu
   991 | D:2      | Reached XP level 3. HP: 29/29 MP: 4/4
  1411 | D:2      | Reached XP level 4. HP: 31/35 MP: 5/5
  1655 | D:2      | Found a stormy altar of Qazlal.
  1767 | D:2      | Found a radiant altar of Vehumet.
  1865 | D:2      | Found a glowing silver altar of Zin.
  2187 | D:3      | Reached XP level 5. HP: 9/41 MP: 7/7
  2189 | D:3      | HP: 1/41 [hobgoblin (4)]
  2551 | D:3      | Found a faded altar to an unknown god.
  2936 | D:3      | Found a shadowy altar of Dithmenos.
  2979 | D:4      | Got an emerald-studded chain mail
  2990 | D:4      | Identified the +1 chain mail of Gaihy {rPois Int+2} (You found it on level 4 of the Dungeon)
  2994 | D:4      | Noticed Sigmund
  3008 | D:4      | Killed Sigmund
  3008 | D:4      | Reached skill level 4 in Fighting
  3008 | D:4      | Reached XP level 6. HP: 16/48 MP: 8/8
  3451 | D:4      | Reached XP level 7. HP: 41/54 MP: 9/9
  3684 | D:4      | Found a staircase to the Ecumenical Temple.
  4005 | D:5      | Entered Level 5 of the Dungeon
  4041 | D:5      | Reached skill level 5 in Axes
  4647 | D:5      | Found a bloodstained altar of Trog.
  4648 | D:5      | Found an iron altar of Okawaru.
  4712 | D:5      | Reached *** piety under Lugonu
  4712 | D:5      | Reached skill level 1 in Bows
  4712 | D:5      | Reached XP level 8. HP: 34/61 MP: 11/11
  4753 | D:5      | Noticed Duvessa
  4759 | D:5      | Noticed Dowan
  4767 | D:5      | Killed Duvessa
  4786 | D:5      | Killed Dowan
  4786 | D:5      | Reached skill level 6 in Axes
  4840 | D:5      | Reached skill level 5 in Fighting
  5109 | D:5      | Found a white marble altar of Elyvilon.
  5273 | D:5      | Found a shattered altar of Ashenzari.
  5313 | D:5      | Slain by a crocodile

Action                   |  1- 3 |  4- 6 |  7- 9 || total
-------------------------+-------+-------+-------++-------
Melee: Hand axe          |    81 |   129 |   203 ||   413
 Fire: Shortbow          |       |       |    37 ||    37
  Use: Scroll            |     2 |     6 |     1 ||     9
       Potion            |     2 |     3 |       ||     5
  Eat: Chunk             |     1 |     7 |     3 ||    11
       Bread ration      |       |       |     1 ||     1

Vault maps used:
D:1:      dpeg_arrival_sounds_slurp
D:2:      overflow_temple_1_default, lemuel_coloured_pillars_altar,
          grunt_qazlal_clouds, nicolae_underground_beach
D:3:      marbit_many_paths, ecumenical_altar_1
D:4:      temple_doors_e, first_bread, uniq_sigmund
D:5:      grunt_temple_overflow_bloody_war, lemuel_doored_altar,
          ashenzari_conservatory_becter, uniq_duvessa
